 Dungeon Crawl Stone Soup version 0.29-a0-100-g60f898f876 (webtiles) character file.

Game seed: 165957005139561594

60451 siradein the Unseen (level 14, -10/126 HPs)
             Began as a Naga Ice Elementalist on Feb 14, 2022.
             Was the Champion of Cheibriados.
             Mangled by Pooter's ghost (15 damage)
             ... on level 6 of the Lair of Beasts on Feb 15, 2022.
             The game lasted 01:57:56 (21024 turns).

siradein the Unseen (Naga Ice Elementalist)        Turns: 21024, Time: 01:57:57

Health: -10/126    AC: 17    Str: 26    XL:     14   Next: 99%
Magic:  28/28      EV: 17    Int: 42    God:    Cheibriados [******]
Gold:   1188       SH:  6    Dex: 27    Spells: 1/33 levels left

rFire   . . .      SeeInvis +   K - +9 whip "Rotzomila" {flame, Int+7}
rCold   + . .      Faith    .   q - +1 buckler {AC+3}
rNeg    . . .      Spirit   .   m - +0 troll leather armour
rPois   +          Reflect  .   (no helmet)
rElec   .          Harm     .   v - +1 cloak {rCorr}
rCorr   +          Rampage  .   n - +1 pair of gloves {hurl}
Will    +....                   (no barding)
Stlth   +++++++...              W - amulet of magic regeneration
HPRegen 1.11/turn               i - ring of protection from cold
MPRegen 0.61/turn               a - +4 ring of protection

@: studying Unarmed Combat, very slow
A: AC +4, large, see invisible, deformed body, poison resistance, slowness 2,
spit poison 1, naga tail 2
a: Spit Poison, Renounce Religion, Bend Time, Temporal Distortion, Slouch, Step
From Time


You were on level 6 of the Lair of Beasts.
You worshipped Cheibriados.
Cheibriados was exalted by your worship.
You visited 3 branches of the dungeon, and saw 18 of its levels.
You also visited: Sewer and Ossuary.

You collected 1616 gold pieces.
You spent 428 gold pieces at shops.

Inventory:

Hand Weapons
 z - the +4 hunting sling "Beastbane" {freeze, Str+2}
   (You found it on level 5 of the Lair of Beasts)

   Any ammunition fired from it freezes those it strikes, dealing additional
   cold damage.
   It can also slow down cold-blooded creatures.
   Str:       It affects your strength (+2).
 K - the +9 whip "Rotzomila" (weapon) {flame, Int+7}
   (You found it on level 7 of the Dungeon)

   It burns those it strikes, dealing additional fire damage.
   Int:       It affects your intelligence (+7).
Missiles
 e - 110 sling bullets
 J - 5 curare-tipped darts
Armour
 m - a +0 troll leather armour (worn)
 n - a +1 pair of gloves of hurling (worn)
 q - a +1 buckler of protection (worn)
 v - a +1 cloak of preservation (worn)
Magical Staves
 g - a staff of death
 A - a staff of earth
 I - a staff of fire
 R - a staff of air
Jewellery
 a - a +4 ring of protection (right hand)
 f - the ring "Douschuvio" {Drain rN+ rCorr Str+5 Int+4}
   (You took it off a spriggan on level 1 of the Lair of Beasts)

   [ring of positive energy]

   Str:       It affects your strength (+5).
   Int:       It affects your intelligence (+4).
   rN:        It protects you from negative energy.
   rCorr:     It protects you from acid and corrosion.
   Drain:     It drains your maximum health when unequipped.
 i - a ring of protection from cold (left hand)
 y - a ring of protection from cold
 Q - a +6 ring of intelligence
 S - a +4 ring of protection
 W - an amulet of magic regeneration (around neck)
Wands
 h - a wand of acid (9)
 F - a wand of charming (13)
 H - a wand of polymorph (9)
 P - a wand of flame (37)
 Y - a wand of paralysis (6)
Scrolls
 b - 4 scrolls of immolation
 c - 6 scrolls of teleportation
 d - 2 scrolls of acquirement
 k - 5 scrolls of enchant armour
 l - 2 scrolls of blinking
 o - 6 scrolls of magic mapping
 s - 3 scrolls of fear
 D - 5 scrolls of fog {unknown}
 E - a scroll of enchant weapon {unknown}
 G - a scroll of holy word
 M - 3 scrolls of vulnerability {unknown}
 T - 2 scrolls of amnesia {unknown}
 Z - 4 scrolls of summoning
Potions
 j - 2 potions of mutation
 p - 7 potions of lignification
 r - 2 potions of invisibility
 t - 4 potions of brilliance
 u - 3 potions of resistance
 w - a potion of heal wounds
 x - 2 potions of cancellation
 B - 8 potions of might
 C - 4 potions of degeneration {unknown}
 L - 3 potions of ambrosia {unknown}
 N - 8 potions of attraction {unknown}
 O - 9 potions of curing
 V - a potion of flight {unknown}
Miscellaneous
 U - a condenser vane
 X - a phial of floods


   Skills:
 + Level 8.0 Fighting
 + Level 9.5 Dodging
 + Level 16.8 Stealth
 + Level 10.3 Spellcasting
 - Level 3.2 Conjurations
 - Level 3.3 Summonings
 + Level 3.2 Translocations
 - Level 3.3 Transmutations
 + Level 11.7 Ice Magic
 + Level 8.9 Invocations
 + Level 5.9 Evocations


You had one spell level left.
You knew the following spells:

 Your Spells              Type           Power      Damage    Failure   Level
a - Freeze                Ice            100%       1d11      1%          1
b - Frozen Ramparts       Ice            100%       1d12      1%          3
c - Ozocubu's Armour      Ice            88%        N/A       1%          3
d - Hailstorm             Conj/Ice       71%        3d15      1%          4
e - Ozocubu's Refrigerat  Ice            44%        4d13      14%         7
f - Ice Form              Ice/Tmut       71%        N/A       1%          4
g - Summon Ice Beast      Ice/Summ       71%        N/A       1%          4
h - Lesser Beckoning      Tloc           48%        N/A       1%          3
i - Teleport Other        Tloc           48%        N/A       1%          3

Your spell library contained the following spells:

 Spells                   Type           Power      Damage    Failure   Level
 Apportation              Tloc           96%        N/A       1%          1
 Foxfire                  Conj/Fire      100%       2x1d9     1%          1
 Shock                    Conj/Air       100%       1d9       1%          1
 Summon Small Mammal      Summ           100%       N/A       1%          1
 Sandblast                Erth           42%        2d11      2%          1
 Passwall                 Tmut/Erth      29%        N/A       1%          2
 Call Canine Familiar     Summ           49%        N/A       1%          3
 Gell's Gravitas          Tloc           48%        N/A       1%          3
 Conjure Flame            Conj/Fire      35%        6-21      3%          3
 Dazzling Flash           Conj/Hex       70%        N/A       3%          3
 Stone Arrow              Conj/Erth      70%        3d11      3%          3
 Summon Guardian Golem    Hex/Summ       35%        N/A       3%          3
 Ignite Poison            Fire/Tmut/Pois 30%        N/A       4%          3
 Inner Flame              Hex/Fire       21%        N/A       6%          3
 Swiftness                Air            21%        N/A       6%          3
 Vampiric Draining        Necr           21%        2d7       6%          3
 Flame Wave               Conj/Fire      35%        2d8       11%         4
 Sticky Flame             Conj/Fire      35%        2d5       11%         4
 Airstrike                Air            10%        N/A       22%         4
 Alistair's Intoxication  Tmut/Pois      23%        N/A       30%         5
 Chain Lightning          Conj/Air       17%        3d23      100%        9


Dungeon Overview and Level Annotations

Branches:
Dungeon (11/15)            Temple (1/1) D:7            Lair (6/6) D:11
  Swamp (0/4) Lair:4       Spider (0/4) Lair:2        Slime (0/5) Lair:5
    Orc (0/2) D:10          Sewer (visited)         Ossuary (visited)

Altars:
Ashenzari
Cheibriados
Elyvilon
Fedhas
Gozag
Hepliaklqana
Kikubaaqudgha
Nemelex Xobeh
Okawaru
Ru
Sif Muna
Trog
Uskayaw
Wu Jian
Beogh

Shops:
D:3 [   D:9 ?

Annotations:
Lair:6 Pooter's ghost, journeyman MiBe


Innate Abilities, Weirdness & Mutations

Your serpentine skin is tough. (AC +4)
You have supernaturally acute eyesight. (SInv)
Armour fits poorly on your strangely shaped body.
Your system is resistant to poisons. (rPois)
You cover ground very slowly.
You can spit poison.
You can use your snake-like lower body to constrict enemies.


Message History

Aim: Pooter's ghost, wielding a weapon of electrocution (black smoke, almost destroyed, ally target, chance to affect: 25%) Pooter's ghost resists with almost no effort.
Pooter's ghost misses you.
Your ice beast barely misses Pooter's ghost.
You hit Pooter's ghost but do no damage.
Pooter's ghost is almost destroyed.
You block Pooter's ghost's attack.
Your ice beast hits Pooter's ghost but does no damage.
Pooter's ghost hits you!
* * * LOW HITPOINT WARNING * * *
Unknown command.
You barely miss Pooter's ghost.
Pooter's ghost is almost destroyed.
Your ice beast hits Pooter's ghost but does no damage.
You block Pooter's ghost's attack.
Unknown command.
You hit Pooter's ghost but do no damage.
Pooter's ghost is almost destroyed.
Your ice beast barely misses Pooter's ghost.
Pooter's ghost completely misses you.
Unknown command.
You barely miss Pooter's ghost.
Pooter's ghost is almost destroyed.
Your ice beast hits Pooter's ghost but does no damage.
Pooter's ghost hits you but does no damage.
You are electrocuted!
* * * LOW HITPOINT WARNING * * *
Unknown command.
You barely miss Pooter's ghost.
Pooter's ghost is almost destroyed.
Your ice beast hits Pooter's ghost but does no damage.
You block Pooter's ghost's attack.
Unknown command.
You hit Pooter's ghost but do no damage.
Pooter's ghost is almost destroyed.
Your ice beast closely misses Pooter's ghost.
Pooter's ghost hits you!
* * * LOW HITPOINT WARNING * * *
You are electrocuted!
You die...

.....###### ####..# ..#†.##.#.#
##.## #..†##...## ##.##
#..#......## ##.. ..........P###
#### ##. ...........#.####..# ##.
.............##§§§## ##..
............##§§§§§## #...
.....†......##§Y@§§.#### ##...
..........#.###W##§..[.## #.#..
..........####§§§#......#####...#
....<.....# #§§§#....)..P..PP..#
...#.....## #.............##
..###...## ######..............#
...####..# #.......(..........##
..#.# #### #...............P###
.#### ##...............P#


You could see Pooter's ghost (ally target) and a friendly ice beast (summoned).

Vanquished Creatures
  Josephine (Lair:4)
  The ghost of Jethan the Nimble, a journeyman DjWz of Ashenzari (Lair:1)
  8 hydras
  5 boulder beetles
  3 two-headed ogres
  Nergalle (Lair:4)
  2 lindwurms
  A deep elf pyromancer (D:9)
  An oklob plant (Lair:6)
  An elephant (Lair:4)
  5 black mambas
  6 cane toads
  An unseen horror (D:5)
  2 rime drakes
  A kobold demonologist (D:11)
  6 komodo dragons
  A tengu conjurer (D:8)
  6 trolls
  4 hornets (Lair:6)
  10 polar bears
  6 blink frogs (Lair:5)
  A slime creature (D:9)
  A hornet (shapeshifter) (D:9)
  A meliai zombie (D:11)
  4 dream sheep (Lair:6)
  14 spriggans
  32 yaks
  A shadow (D:11)
  5 wyverns
  4 wraiths
  Eustachio (D:5)
  2 steam dragons
  2 basilisks
  Grum (Lair:1)
  A redback (Lair:2)
  3 vampire mosquitoes
  Menkaure (D:5)
  An acid dragon (D:8)
  8 water moccasins
  9 orc warriors
  A sky beast (D:5)
  3 black bears
  46 wolves
  3 necrophages
  3 ogres
  3 centaurs
  5 boggarts (Lair:6)
  3 kobold brigands
  11 bullfrogs
  3 gnoll sergeants
  A wyvern skeleton (D:6)
  10 killer bees (D:9)
  3 electric eels (Lair:5)
  The ghost of cyrus the Covered, a weakling TeFi of Cheibriados (D:3)
  5 howler monkeys
  A bullfrog zombie (D:5)
  3 centaur zombies
  5 hounds
  3 jellies
  2 gnoll shamans
  6 orc priests
  2 bullfrog skeletons
  3 iguanas (D:5)
  Jessica (D:2)
  Terence (D:2)
  3 orc wizards
  2 killer bee zombies (D:8)
  A hound skeleton (D:5)
  10 mummies
  27 gnolls
  10 adders
  A shadow imp (D:5)
  2 worms
  2 dart slugs (D:4)
  44 orcs
  4 ball pythons
  4 bats
  10 endoplasms
  A giant cockroach (D:3)
  6 goblins
  8 hobgoblins
  5 jackals
  4 quokkas
  2 frilled lizards
  A gnoll zombie (Ossuary)
  4 hobgoblin zombies
  23 kobolds
  5 kobold zombies
  2 orc zombies (Ossuary)
  7 rats
  A butterfly (Lair:1)
481 creatures vanquished.

Vanquished Creatures (collateral kills)
  3 hydras
  A two-headed ogre (D:11)
  2 bog bodies (Lair:4)
  2 elephants (Lair:4)
  A black mamba (Lair:3)
  3 cane toads
  A gargoyle (D:11)
  Psyche (D:11)
  2 rime drakes
  4 komodo dragons
  A hornet (Lair:6)
  3 slime creatures (Lair:5)
  2 blink frogs (Lair:5)
  9 dream sheep
  3 spriggans
  A wraith (D:11)
  3 yaks (Lair:6)
  A wyvern (Lair:2)
  5 basilisks
  9 water moccasins
  7 wolves
  2 bullfrogs
  2 electric eels (D:11)
  A hound (D:11)
  A jelly (Lair:5)
  An orc wizard (D:11)
  4 orcs (D:11)
75 creatures vanquished.

Vanquished Creatures (others)
  A wyvern (Lair:2)
  52 fungi
  81 plants
134 creatures vanquished.

Grand Total: 690 creatures vanquished

Notes
Turn   | Place    | Note
-------+----------+-------------------------------------------
     0 | D:1      | siradein the Naga Ice Elementalist began the quest for the
                  | Orb.
     0 | D:1      | Reached XP level 1. HP: 15/15 MP: 3/3
   175 | D:1      | Reached XP level 2. HP: 22/22 MP: 3/5
   384 | D:1      | Got Orypukej's Grimoire of Confrontation and Evil
   536 | D:1      | Reached XP level 3. HP: 28/28 MP: 6/6
   993 | D:1      | Reached skill level 4 in Stealth
   997 | D:1      | Learned a level 3 spell: Frozen Ramparts
  1218 | D:2      | Noticed Terence
  1227 | D:2      | Killed Terence
  1228 | D:2      | Reached XP level 4. HP: 36/36 MP: 0/7
  1490 | D:2      | Reached XP level 5. HP: 29/42 MP: 4/9
  1599 | D:2      | Noticed Jessica
  1607 | D:2      | Killed Jessica
  1903 | D:2      | Reached skill level 5 in Stealth
  2033 | D:2      | Learned a level 3 spell: Ozocubu's Armour
  2234 | D:3      | Found Beatosip's Armour Boutique.
  2238 | D:3      | Found a glowing drain.
  2252 | Sewer    | Entered a sewer
  2703 | D:3      | Bought a +1 cloak of preservation for 181 gold pieces
  2968 | D:3      | You fall into a shaft and drop 3 floors!
  2972 | D:6      | Reached XP level 6. HP: 30/49 MP: 3/10
  2973 | D:6      | Reached skill level 5 in Ice Magic
  3133 | D:6      | Noticed a necrophage
  3147 | D:6      | Killed a necrophage
  3168 | D:6      | Noticed a necrophage
  3180 | D:6      | Killed a necrophage
  3181 | D:6      | Reached skill level 6 in Stealth
  3181 | D:6      | Reached XP level 7. HP: 43/55 MP: 1/12
  3186 | D:6      | Learned a level 4 spell: Hailstorm
  3512 | D:5      | Entered Level 5 of the Dungeon
  3660 | D:5      | Noticed an unseen horror
  3670 | D:5      | Killed an unseen horror
  3671 | D:5      | Reached skill level 7 in Stealth
  3671 | D:5      | Reached XP level 8. HP: 53/62 MP: 4/14
  3843 | D:5      | Noticed a two-headed ogre
  3852 | D:5      | Killed a two-headed ogre
  3853 | D:5      | Reached skill level 9 in Stealth
  3853 | D:5      | Reached skill level 5 in Spellcasting
  3862 | D:5      | Reached XP level 9. HP: 51/68 MP: 1/17
  4206 | D:5      | Noticed Eustachio
  4317 | D:5      | Killed Eustachio
  4318 | D:5      | Reached skill level 5 in Dodging
  4450 | D:5      | Noticed Menkaure
  4600 | D:3      | Noticed cyrus's ghost (weakling TeFi)
  4601 | D:3      | Found a transporter.
  4604 | D:3      | Identified the +8 giant club of Cocytus {vorpal, Int+4
                  | Dex+4}
  5091 | D:3      | Found a transporter.
  5099 | D:3      | Killed cyrus's ghost
  5373 | D:4      | Reached skill level 10 in Stealth
  6181 | D:5      | Killed Menkaure
  7200 | D:7      | Found a staircase to the Ecumenical Temple.
  7209 | Temple   | Entered the Ecumenical Temple
  7334 | Temple   | Became a worshipper of Cheibriados the Contemplative
  7442 | D:7      | Reached skill level 11 in Stealth
  7490 | D:7      | Reached XP level 10. HP: 53/75 MP: 15/19
  7495 | D:7      | Identified the +9 whip "Rotzomila" {flame, Int+7}
  7519 | D:7      | Found a sand-covered staircase.
  7522 | D:7      | Reached * piety under Cheibriados
  7531 | Ossuary  | Entered an ossuary
  7697 | Ossuary  | Learned a level 7 spell: Ozocubu's Refrigeration
  8190 | D:7      | Reached ** piety under Cheibriados
  8830 | D:8      | Learned a level 4 spell: Ice Form
  8855 | D:8      | Reached skill level 12 in Stealth
  9438 | D:8      | Identified the +6 whip of Doubt {speed, Dex+3}
  9543 | D:8      | Reached skill level 1 in Invocations
  9688 | D:9      | Reached skill level 1 in Fighting
  9690 | D:9      | Reached *** piety under Cheibriados
 10124 | D:9      | Reached XP level 11. HP: 79/86 MP: 10/22
 10210 | D:9      | Noticed a deep elf pyromancer
 10211 | D:9      | Noticed a boulder beetle
 10211 | D:9      | Noticed an eight-headed hydra
 10222 | D:9      | Killed an eight-headed hydra
 10239 | D:9      | Killed a boulder beetle
 10239 | D:9      | Reached **** piety under Cheibriados
 10240 | D:9      | Reached skill level 13 in Stealth
 10257 | D:9      | Killed a deep elf pyromancer
 10420 | D:9      | Identified the +11 battleaxe "Efuph" {flame, rC- rN+ rCorr
                  | Int+6}
 10559 | D:9      | Found Heeba's Magic Scroll Shop.
 10566 | D:9      | Bought a scroll of identify for 26 gold pieces
 10566 | D:9      | Bought a scroll of identify for 26 gold pieces
 10566 | D:9      | Bought a scroll of identify for 26 gold pieces
 10566 | D:9      | Bought a scroll of identify for 26 gold pieces
 10566 | D:9      | Bought a scroll of identify for 26 gold pieces
 10566 | D:9      | Bought 2 scrolls of magic mapping for 91 gold pieces
 10566 | D:9      | Bought a scroll of identify for 26 gold pieces
 10567 | D:9      | Identified 2 scrolls of acquirement
 10944 | D:10     | Entered Level 10 of the Dungeon
 11080 | D:10     | Found a blossoming altar of Fedhas.
 11264 | D:10     | Noticed a two-headed ogre
 11274 | D:10     | Killed a two-headed ogre
 11410 | D:10     | Noticed a two-headed ogre
 11420 | D:10     | Killed a two-headed ogre
 11720 | D:10     | Found a staircase to the Orcish Mines.
 12045 | D:11     | Learned a level 4 spell: Summon Ice Beast
 12215 | D:11     | Reached skill level 5 in Invocations
 12219 | D:11     | Reached XP level 12. HP: 89/100 MP: 16/24
 12273 | D:11     | Reached ***** piety under Cheibriados
 12326 | D:11     | Reached skill level 14 in Stealth
 12341 | D:11     | Found a staircase to the Lair.
 12485 | D:11     | Found a shimmering blue altar of Sif Muna.
 12591 | D:11     | Noticed Sonja
 12593 | D:11     | Noticed Sonja
 12593 | D:11     | Sonja changed into Sonja the wyvern
 12597 | D:11     | Killed Sonja the wyvern
 12598 | D:11     | Reached skill level 1 in Transmutations
 12598 | D:11     | Reached skill level 10 in Ice Magic
 12769 | D:11     | Reached skill level 1 in Conjurations
 12769 | D:11     | Reached skill level 1 in Summonings
 12824 | D:11     | Noticed a two-headed ogre
 12840 | D:11     | Killed a two-headed ogre
 12892 | D:11     | Noticed Psyche
 12903 | D:11     | Killed Psyche
 13147 | Lair:1   | Entered Level 1 of the Lair of Beasts
 13176 | Lair:1   | Noticed Grum
 13186 | Lair:1   | Killed Grum
 13187 | Lair:1   | Reached skill level 5 in Fighting
 13190 | Lair:1   | Noticed a four-headed hydra
 13203 | Lair:1   | Killed a four-headed hydra
 13375 | Lair:1   | Found a runed translucent door.
 13528 | Lair:1   | Noticed Jethan's ghost (journeyman DjWz)
 13529 | Lair:1   | Identified the +3 trident "Sonalas" {holy, Str+3}
 13529 | Lair:1   | Identified the ring "Douschuvio" {Drain rN+ rCorr Str+5
                  | Int+4}
 14134 | Lair:2   | Noticed an eight-headed hydra
 14142 | Lair:2   | Killed an eight-headed hydra
 14143 | Lair:2   | Reached skill level 1 in Evocations
 14656 | Lair:2   | Found a hole to the Spider Nest.
 14781 | Lair:2   | Noticed a six-headed hydra
 14794 | Lair:2   | Killed a six-headed hydra
 15123 | Lair:3   | Gained mutation: You can use your snake-like lower body to
                  | constrict enemies. [Naga growth]
 15123 | Lair:3   | Reached XP level 13. HP: 110/110 MP: 17/26
 15255 | Lair:3   | Reached ****** piety under Cheibriados
 15610 | Lair:3   | Reached skill level 15 in Stealth
 16259 | Lair:4   | Found a staircase to the Swamp.
 16307 | Lair:4   | Noticed Nergalle
 16355 | Lair:4   | Noticed Josephine
 16359 | Lair:4   | HP: 3/128 [Josephine/ghostly fireball (11)]
 16687 | Lair:4   | Killed Nergalle
 16802 | Lair:4   | Killed Josephine
 17592 | Lair:5   | Found a staircase to the Slime Pits.
 17873 | Lair:5   | Reached XP level 14. HP: 121/121 MP: 27/27
 17877 | Lair:5   | Learned a level 3 spell: Lesser Beckoning
 17881 | Lair:5   | Learned a level 3 spell: Teleport Other
 18199 | Lair:5   | Identified the +4 hunting sling "Beastbane" {freeze, Str+2}
 19026 | Lair:1   | Killed Jethan's ghost
 19027 | Lair:1   | Reached skill level 16 in Stealth
 19247 | Lair:6   | Entered Level 6 of the Lair of Beasts
 19404 | Lair:6   | Reached skill level 1 in Translocations
 19612 | Lair:6   | Reached skill level 5 in Evocations
 19671 | Lair:6   | Reached skill level 10 in Spellcasting
 20374 | Lair:6   | Found a runed translucent door.
 20375 | Lair:6   | Noticed Pooter's ghost (journeyman MiBe)
 21024 | Lair:6   | HP: 5/126 [Pooter's ghost (12)]
 21024 | Lair:6   | Mangled by Pooter's ghost

Illustrated notes

Levels and vault maps discovered:
D:1:      wheals_arrival_shading, layout_loops_corners, chequers_garden,
          minmay_domino_4
D:2:      layout_basic, minivault_14, uniq_jessica, uniq_terence
D:3:      layout_loops_ring, portal_sewer_entry_d, serial_shops, shop,
          gammafunk_ghost_smash, minmay_cut_off
D:4:      layout_loops_cross
D:5:      layout_basic, nicolae_concentric_dashed_squares_wild,
          minmay_manual_moon, uniq_menkaure, uniq_eustachio
D:6:      layout_loops_ring, grunt_decor_resistance, minmay_mini_ossuary
D:7:      layout_basic, minmay_temple_entry_mist, nicolae_ossuary_entry_giza
D:8:      layout_basic, wad_mini_maze
D:9:      minmay_the_grid_triangle_9x9_rhombus_thin_mashed
          [minmay_the_grid_triangle_9x9_odd_lines,
          minmay_the_grid_triangle_9x9_prize_schism,
          minmay_the_grid_triangle_9x9_pentomino_pain,
          minmay_the_grid_triangle_9x9_minimal], layout_basic, serial_shops,
          nicolae_shop_crystal
D:10:     layout_stronghold, mainiacjoe_overflow_catwalk, david_orc_5
D:11:     layout_cave_pods, erik_lair_island, lemuel_blue_sif_altar,
          uniq_psyche, uniq_sonja
Temple:   mainiacjoe_temple_trianglar_array
Lair:1:   layout_gridlike, ebering_ghost_funeral_grove, lemuel_fruit_fields,
          uniq_grum
Lair:2:   layout_small_grid, spider_nest_entry_rubble
Lair:3:   layout_cave_pods, grunt_megastairs_4
Lair:4:   layout_hall_layers, skrybe_swamp_entry_bodies, st_stairs_5,
          wad_woods_03, infiniplex_staircase_pool, uniq_josephine, uniq_nergalle
Lair:5:   layout_loops_ring, minmay_slime_entry_pillars, lemuel_fruit_fields,
          wad_woods_river_01
Lair:6:   minmay_lair_end_enchanted_forest, layout_cave_pods,
          ebering_ghost_inner_flame, grunt_forest_stairs_basic, st_stairs_7,
          minmay_lair_oklob_items, fungi_pond_lemuel, lemuel_fruit_fields

Skill      XL: |  1  2  3  4  5  6  7  8  9 10 11 12 13 14 |
---------------+-------------------------------------------+-----
Dodging        | 2 3 4 5 6 7 8 9 |  9.5
Stealth        | 4 5 6 7 9 11 12 13 14 15 16 | 16.8
Spellcasting   | 3 4 5 6 7 8 9 10 | 10.3
Ice Magic      | 5 6 8 9 10 11 | 11.7
Invocations    | 2 5 6 7 8 |  8.9
Fighting       | 2 4 5 6 8 |  8.0
Transmutations | 3 |  3.3
Conjurations   | 2 3 |  3.2
Summonings     | 3 |  3.3
Evocations     | 1 4 5 |  5.9
Translocations | 3 |  3.2

Action                   |  1- 3 |  4- 6 |  7- 9 | 10-12 | 13-15 || total
-------------------------+-------+-------+-------+-------+-------++-------
Melee: Unarmed           |     3 |       |       |       |    33 ||    36
       Whip              |       |    16 |    38 |   184 |   268 ||   506
       Punch             |       |     1 |     3 |     4 |     3 ||    11
       Long sword        |       |       |    36 |     2 |       ||    38
       Rapier            |       |       |    29 |       |       ||    29
       Constrict         |       |       |       |       |    71 ||    71
 Fire: Hunting sling     |       |       |       |       |     7 ||     7
 Cast: Freeze            |    30 |    25 |    52 |    97 |    57 ||   261
       Frozen Ramparts   |     1 |    13 |    35 |    49 |    15 ||   113
       Ozocubu's Armour  |       |     3 |     9 |    22 |    35 ||    69
       Hailstorm         |       |       |       |     9 |       ||     9
       Summon Ice Beast  |       |       |       |    31 |    60 ||    91
       Ozocubu's Refrige |       |       |       |       |    53 ||    53
       Ice Form          |       |       |       |       |     1 ||     1
       Teleport Other    |       |       |       |       |     1 ||     1
Invok: Slouch            |       |       |       |       |     1 ||     1
 Abil: Spit Poison       |    29 |    22 |    31 |    32 |    12 ||   126
Evoke: Wand              |       |       |       |     1 |       ||     1
  Use: Scroll            |       |       |     4 |    11 |     8 ||    23
       Potion            |       |       |       |       |     2 ||     2
 Stab: Sleeping          |       |       |     8 |     9 |     1 ||    18
       Distracted        |       |       |     1 |     2 |     7 ||    10
Armor: Robe              |     3 |    14 |    53 |    14 |       ||    84
       Leather armour    |       |       |    32 |       |       ||    32
       Troll leather arm |       |       |       |   154 |   200 ||   354
       Skin              |       |       |       |       |    28 ||    28
Dodge: Dodged            |    17 |    19 |   102 |   301 |   401 ||   840
Block: Buckler           |       |       |       |       |    46 ||    46

Table legend: (Time is in decaauts)
 A = Elapsed time spent in this place.
 B = Non-inter-level travel time spent in this place.
 C = Inter-level travel time spent in this place.
 D = Time resting spent in this place.
 E = Time spent auto-exploring this place.
 F = Levels seen in this place.
 G = Mean time per level.
                   A        B        C        D        E       F      G
               +--------+--------+--------+--------+--------+-----+--------+
         Total |  36711 |  34058 |   2653 |    536 |  27470 |  20 | 1835.6 |
       Dungeon |  19336 |  17646 |   1690 |    395 |  14043 |  11 | 1757.8 |
        Temple |    206 |    206 |      0 |      0 |     55 |   1 |  206.0 |
          Lair |  15869 |  14906 |    963 |    115 |  12422 |   6 | 2644.8 |
         Sewer |    626 |    626 |      0 |      0 |    521 |   1 |  626.0 |
       Ossuary |    672 |    672 |      0 |     25 |    428 |   1 |  672.0 |
               +--------+--------+--------+--------+--------+-----+--------+

Top non-repeatable levels by time:
  Lair:6: 3332 daAuts
  Lair:2: 3027 daAuts
  Lair:3: 2885 daAuts
    D:11: 2577 daAuts
     D:9: 2501 daAuts
  Lair:5: 2480 daAuts
  Lair:4: 2454 daAuts
     D:8: 2144 daAuts
    D:10: 2054 daAuts
     D:5: 1768 daAuts
  Lair:1: 1689 daAuts
     D:6: 1677 daAuts
     D:1: 1486 daAuts
     D:2: 1429 daAuts
     D:3: 1427 daAuts
